AoeStats
← tony le gros rou

Socotra

505968352Analyzed
4v4 RM · 19d ago on Sep 11, 2026· 29m 22s· 8 players
Game mode
Random Map
Map size
148×148
Population
200
Speed
Normal
Resources
Standard
Victory
Conquest
Starting age
Dark Age
Ending age
Imperial Age
RankedLock teamsTeams togetherTeam positionsShared explorationLock speedFull tech treeHidden civsTurbo modeCheats
Victory
Defeat
🇫🇷 Wu · France
1583
+9
🇫🇷 Britons · France
1431
+15
🇫🇷 Saracens · France
1417
+16
🇩🇪 Khmer · Germany
1402
+16
🇻🇳 Cumans · Vietnam
1454
-16
🇧🇪 Goths · Belgium
1426
-14
🇧🇷 Armenians · Brazil
1424
-14
🇧🇷 Cumans · Brazil
1354
-12
[LegendB] deadboi
0:44 Loom
11:13 Feudal Age
11:16 Man-at-Arms
12:08 Horse Collar
23:02 Castle Age
21:43 Scale Mail Armor
22:09 Gold Mining
22:07 Double-Bit Axe
23:08 Long Swordsman
28:52 Chain Mail Armor
MAZZUCCO
6:49 Loom
9:11 Feudal Age
9:55 Man-at-Arms
12:47 Double-Bit Axe
12:52 Long Swordsman
14:36 Arson
17:26 Wheelbarrow
19:49 Scale Mail Armor
23:39 Castle Age
23:58 Two-Handed Swordsman
24:23 Gambesons
24:49 Gambesons
26:23 Chain Mail Armor
NPChinh
9:47 Feudal Age
8:03 Loom
11:08 Horse Collar
18:42 Stone Mining
21:51 Fletching
[ ] LordKing
10:37 Feudal Age
13:06 Double-Bit Axe
14:26 Loom
14:44 Loom
18:32 Horse Collar
19:29 Wheelbarrow
23:39 Castle Age
22:33 Bloodlines
23:57 Scale Barding Armor
26:19 Gold Mining
27:53 Town Watch
28:01 Fletching
28:12 Scale Mail Armor
ccereal
6:16 Loom
8:37 Feudal Age
9:19 Double-Bit Axe
11:07 Fletching
16:24 Castle Age
14:31 Horse Collar
19:33 Crossbowman
22:22 Bodkin Arrow
26:59 Padded Archer Armor
tony le gros rou
6:06 Loom
8:57 Feudal Age
15:54 Fletching
25:21 Castle Age
25:41 Padded Archer Armor
25:30 Crossbowman
26:06 Bodkin Arrow
p0n0n0
6:27 Loom
9:02 Feudal Age
9:34 Double-Bit Axe
10:28 Horse Collar
18:34 Bloodlines
19:41 Scale Barding Armor
20:10 Forging
23:18 Wheelbarrow
23:25 Bloodlines
25:49 Castle Age
24:28 Gold Mining
27:12 Chain Barding Armor
26:14 Light Cavalry
29:41 Iron Casting
Frorok
0:27 Loom
7:31 Loom
9:33 Feudal Age
10:07 Man-at-Arms
13:10 Arson
14:35 Double-Bit Axe
19:28 Wheelbarrow
23:54 Castle Age
22:50 Scale Mail Armor
24:27 Forging
24:27 Long Swordsman
26:40 Chain Mail Armor
27:34 Squires
29:51 Bow Saw
Connection lost

Rejoining the realm…

Still unreachable

The connection could not be restored.

Session expired

The server has moved on; the page needs a fresh start.